 Dungeon Crawl Stone Soup version 0.32-a0-872-g59262bdc9b (webtiles) character file.

Game seed: 11483042119294294465

13706 olmar the Arsonist (level 11, -1/81 HPs)
             Began as a Mountain Dwarf Fire Elementalist on Mar 30, 2024.
             Was a High Priest of Cheibriados.
             Succumbed to a redback's poison
             ... in a Gauntlet.
             The game lasted 00:34:38 (14967 turns).

olmar the Arsonist (MDFE)                          Turns: 14967, Time: 00:34:39

Health: -1/81      AC:  9    Str: 20    XL:     11   Next: 79%
Magic:  5/26       EV: 11    Int: 31    God:    Cheibriados [*****.]
Gold:   796        SH:  0    Dex: 24    Spells: 16/32 levels left

rFire   + + .        d - staff of death
rCold   + + .        (no shield)
rNeg    + . .        N - +2 robe of Gijoma {rElec rF+++ Str-4}
rPois   .            m - +0 helmet
rElec   +            (no cloak)
rCorr   +            c - +0 pair of gloves
SInv    .            w - +2 pair of boots
Will    +....        x - amulet of guardian spirit
Stlth   ++           U - ring of Xoivypt {Wiz rF- rC++ rCorr Dex+2}
HPRegen 0.33/turn    B - ring of wizardry
MPRegen 0.20/turn

%: no teleportation, guardian spirit, wizardry (x2)
@: lethally poisoned (-1 -> -67), very slow
A: runic magic, artefact enchanting, screaming 1
a: Renounce Religion, Bend Time, Temporal Distortion, Slouch, Step From Time


You were in a Gauntlet.
You worshipped Cheibriados.
Cheibriados was extremely pleased with you.
You visited 2 branches of the dungeon, and saw 12 of its levels.
You also visited: Sewer and Gauntlet.

You collected 796 gold pieces.

Inventory:

Hand Weapons
 i - a +2 short sword of freezing
 t - a +1 dagger of electrocution
 J - a +2 whip of freezing
Missiles
 v - 30 poisoned darts
 E - 4 throwing nets (quivered)
 F - 2 curare-tipped darts
 P - 8 javelins
Armour
 c - a +0 pair of gloves (worn)
 m - a +0 helmet (worn)
 r - a +0 leather armour of cold resistance
 w - a +2 pair of boots (worn)
 N - the +2 robe of Gijoma (worn) {rElec rF+++ Str-4}
   (You found it on level 8 of the Dungeon)

   Str-4:     It affects your strength (-4).
   rF+++:     It renders you almost immune to fire.
   rElec:     It insulates you from electricity.
 Q - +1 steam dragon scales
Magical Staves
 d - a staff of death (weapon)
Jewellery
 o - a ring of resist corrosion
 x - an amulet of guardian spirit (around neck)
 B - a ring of wizardry (right hand)
 R - a +6 ring of strength
 U - the ring of Xoivypt (left hand) {Wiz rF- rC++ rCorr Dex+2}
   (You found it in a Gauntlet)

   [ring of wizardry]

   Wiz:       It improves your spell success rate.
   Dex+2:     It affects your dexterity (+2).
   rF-:       It makes you vulnerable to fire.
   rC++:      It greatly protects you from cold.
   rCorr:     It protects you from acid and corrosion.
 W - a +4 ring of protection
Talismans
 a - a dragon-blood talisman
Wands
 u - a wand of digging (2)
 D - a wand of flame (5)
 I - a wand of warping (11)
 O - a wand of mindburst (6)
Scrolls
 b - 5 scrolls of teleportation
 g - 3 scrolls of amnesia
 h - 2 scrolls of vulnerability
 j - 3 scrolls of enchant weapon
 n - 2 scrolls of noise
 y - 2 scrolls of poison {unknown}
 G - a scroll of acquirement {unknown}
 H - 2 scrolls of enchant armour {unknown}
 M - a scroll of immolation {unknown}
 S - a scroll of fog {unknown}
 V - a scroll of brand weapon {unknown}
Potions
 e - 3 potions of mutation
 f - a potion of lignification
 k - 3 potions of enlightenment
 l - 2 potions of haste
 p - 6 potions of curing
 q - 2 potions of might
 s - 3 potions of heal wounds
 z - a potion of resistance {unknown}
 A - a potion of brilliance {unknown}
 C - a potion of berserk rage {unknown}
 K - 2 potions of attraction


   Skills:
 + Level 2.7 Fighting
 + Level 1.4 Staves
 + Level 3.9 Armour
 - Level 1.3 Dodging
 - Level 1.4 Stealth
 + Level 11.1 Spellcasting
 + Level 5.9 Conjurations
 + Level 14.1 Fire Magic
 + Level 0.9 Earth Magic


You had 16 spell levels left.
You knew the following spells:

 Your Spells              Type           Power      Damage    Failure   Level
a - Foxfire               Conj/Fire      100%       2x1d9     1%          1
b - Scorch                Fire           100%       2d9       0%          2
c - Volatile Blastmotes   Fire/Tloc      100%       2d18      1%          3
d - Flame Wave            Conj/Fire      68%        2d15      1%          4
e - Inner Flame           Hex/Fire       57%        N/A       1%          3
f - Stone Arrow           Conj/Erth      76%        3d11      1%          3

Your spell library contained the following spells:

 Spells                   Type           Power      Damage    Failure   Level
 Sandblast                Erth           44%        2d11      1%          1
 Brom's Barrelling Bould  Conj/Erth      38%        2d6       1%          4
 Animate Armour           Summ/Erth      40%        N/A       7%          4
 Lehudib's Crystal Spear  Conj/Erth      19%        10d6      100%        8


Dungeon Overview and Level Annotations

Branches:
Dungeon (11/15)            Temple (1/1) D:6            Lair (0/5) D:9
    Orc (0/2) D:9           Sewer (visited)         Gauntlet (1/1)

Altars:
Ashenzari
Cheibriados
Dithmenos
Elyvilon
Fedhas
Gozag
Hepliaklqana
Kikubaaqudgha
Makhleb
Nemelex Xobeh
Okawaru
Qazlal
Ru
Sif Muna
Trog
Uskayaw
Vehumet
Wu Jian
Xom
Yredelemnul
Zin
The Shining One

Shops:
D:3 [   D:5 =[   D:7 *

Annotations:
D:3 2 runed translucent doors, Adrian566's ghost, amateur DsGl; Crazy Yiuf Gauntlet 9 transporters, 1 runed translucent door


Innate Abilities, Weirdness & Mutations

Your spellcasting is much less encumbered by armour.
You can use scrolls of enchantment on lesser artefacts.
You occasionally shout uncontrollably at your foes.


Message History

Unknown command.
A wave of flame ripples out!
The flame wave engulfs the redback!
The redback is moderately wounded.
The flame wave engulfs the redback!!
You kill the redback!
Cheibriados appreciates the change of pace.
The flame wave engulfs the moth of wrath!
The moth of wrath is moderately wounded.
You feel extremely sick. The redback barely misses you.
Unknown command.
A wave of flame ripples out!
The flame wave engulfs the redback!!
You kill the redback!
Cheibriados appreciates the change of pace.
The flame wave engulfs the moth of wrath!
The moth of wrath is heavily wounded.
You finish channelling waves of flame.
You feel extremely sick.
Unknown command.
Casting: Flame Wave (safe; 1% risk of failure)
Confirm with . or Enter, or press ? or * to list all spells.
Casting: Flame Wave (safe; 1% risk of failure)
Press: ? - help, Dir - look around, f - activate A wave of flame ripples out!
The flame wave engulfs the moth of wrath!
The moth of wrath is almost dead. (Press . to intensify the flame waves.)
* * * LOW HITPOINT WARNING * * *
You feel extremely sick. The moth of wrath bites you!
* * * LOW HITPOINT WARNING * * *
The moth of wrath misses you.
Unknown command.
Unknown command.
A wave of flame ripples out!
The flame wave engulfs the moth of wrath!!
You kill the moth of wrath!
Cheibriados appreciates the change of pace.
You die...
Cheibriados appreciates the motionlessness of death.

#.#.#≈#≈#...#.##.#BZ#.....#...##.
#.#.≈≈≈≈≈P..#########.....#.©.##.
#©#.#≈#≈#.♣............∩..#......
#.#.≈≈≈≈≈...#########.....#.©.##.
#.#.#≈#≈#...##.#.#.##.....#...##.
#.#..PP.P...#.#.#.#.#.....#.©....
#.#...♣...####.#.#!##...♣.#...##.
#.#.......#©#.#†#.#©#.PP..#.♣.#
#.#########!##.#@#[##.♣..##.....
#.#.......#.#.#.#.#[#...## .♣.##.
#.#.#+###.#.##.#.#.##...≈##...#
#.#.#..≈#.#.#########.P.≈≈# # #
#©#.#.©≈#©#©#.........♣.≈##
###.#..≈#.#.#########...##
..#†#'###.#.##p##5.##...≈##
..#.†.....#.#p#55##[#.P.≈≈#
..#########.#5#.#.#p#.♣.≈##


You could see an occultist, an arcanist, a white imp and a shadow imp.

Vanquished Creatures
  Harold (D:9)
  3 two-headed ogres
  A boulder beetle (D:11)
  A soul eater (Gauntlet)
  A sixfirhy (D:10)
  Pikel (D:7)
  A moth of wrath (Gauntlet)
  Maggie (D:9)
  A raiju (Gauntlet)
  Prince Ribbit (D:8)
  2 wyverns
  A water elemental (D:11)
  13 yaks
  A wraith (D:11)
  2 redbacks (Gauntlet)
  3 steam dragons
  A neqoxec (D:10)
  3 vampire mosquitoes (D:8)
  3 acid dragons
  Pargi (Sewer)
  4 black bears
  2 orc warriors
  2 ice beasts (D:7)
  3 sky beasts
  3 ogres
  2 centaurs (D:6)
  4 lemures (D:7)
  3 kobold brigands
  5 bullfrogs
  5 scorpions
  10 wights
  3 killer bees (D:7)
  An electric eel (D:11)
  3 howler monkeys
  2 iron imps (D:10)
  A jelly (D:5)
  8 hounds
  9 orc priests
  5 iguanas
  2 sleepcaps
  Jessica (D:3)
  12 orc wizards
  Robin (D:3)
  19 gnolls
  5 adders
  6 shadow imps
  2 dart slugs
  33 orcs
  8 ball pythons
  An endoplasm (D:1)
  4 giant cockroaches
  7 goblins
  15 hobgoblins
  9 jackals
  22 kobolds
  5 quokkas
  7 bats
  2 frilled lizards
  3 rats
281 creatures vanquished.

Vanquished Creatures (collateral kills)
  6 foxfires (D:6)
6 creatures vanquished.

Vanquished Creatures (others)
  688 foxfires
688 creatures vanquished.

Grand Total: 975 creatures vanquished

Notes
Turn   | Place    | Note
-------+----------+-------------------------------------------
     0 | D:1      | olmar the Mountain Dwarf Fire Elementalist began the quest
                  | for the Orb.
     0 | D:1      | Reached XP level 1. HP: 14/14 MP: 3/3
   164 | D:1      | Reached skill level 4 in Fire Magic
   184 | D:1      | Reached XP level 2. HP: 20/20 MP: 1/4
   216 | D:1      | Learned a level 2 spell: Scorch
   988 | D:1      | Reached skill level 1 in Conjurations
   988 | D:1      | Reached XP level 3. HP: 26/26 MP: 2/6
  1331 | D:2      | You fall into a shaft and drop 2 floors!
  1348 | D:3      | Learned a level 3 spell: Volatile Blastmotes
  1391 | D:3      | Reached skill level 5 in Fire Magic
  1391 | D:3      | Reached XP level 4. HP: 18/33 MP: 5/7
  1594 | D:3      | Found a runed translucent door.
  1596 | D:3      | Noticed Adrian566's ghost (amateur DsGl)
  2318 | D:3      | Noticed Robin
  2336 | D:3      | Killed Robin
  2395 | D:3      | Found Edio's Antique Armour Boutique.
  2601 | D:3      | Noticed Jessica
  2604 | D:3      | Killed Jessica
  2605 | D:3      | Reached XP level 5. HP: 39/39 MP: 6/9
  2732 | D:3      | Found a runed translucent door.
  2733 | D:3      | Noticed Crazy Yiuf
  2762 | D:4      | Noticed an ogre
  2765 | D:4      | Killed an ogre
  2766 | D:4      | Reached skill level 6 in Fire Magic
  2971 | D:4      | Reached XP level 6. HP: 37/46 MP: 0/11
  3386 | D:4      | Found a burning altar of Makhleb.
  3387 | D:4      | Found a shimmering blue altar of Sif Muna.
  3555 | D:4      | Reached skill level 1 in Fighting
  4308 | D:5      | Entered Level 5 of the Dungeon
  4325 | D:5      | Reached skill level 1 in Armour
  4355 | D:5      | Found Voomat's Antique Armour Shop.
  4374 | D:5      | Found a glowing drain.
  4377 | Sewer    | Entered a sewer
  4460 | Sewer    | Learned a level 4 spell: Flame Wave
  4577 | Sewer    | Noticed Pargi
  4582 | Sewer    | Killed Pargi
  4583 | Sewer    | Reached skill level 7 in Fire Magic
  4583 | Sewer    | Reached XP level 7. HP: 52/52 MP: 5/13
  4886 | D:5      | Learned a level 3 spell: Inner Flame
  5270 | D:5      | Found Hepeywot's Jewellery Shoppe.
  5886 | D:6      | Reached XP level 8. HP: 59/59 MP: 8/15
  5949 | D:6      | Reached skill level 8 in Fire Magic
  5952 | D:6      | Reached skill level 5 in Spellcasting
  6265 | D:6      | Found a staircase to the Ecumenical Temple.
  6279 | Temple   | Entered the Ecumenical Temple
  6293 | Temple   | Became a worshipper of Cheibriados the Contemplative
  6326 | D:6      | Reached skill level 9 in Fire Magic
  6825 | D:6      | Reached XP level 9. HP: 26/64 MP: 5/18
  7209 | D:6      | Reached * piety under Cheibriados
  7247 | D:6      | Reached skill level 10 in Fire Magic
  7560 | D:6      | Reached ** piety under Cheibriados
  8451 | D:7      | Found Ruskuddu's Gadget Gallery.
  8599 | D:7      | Noticed Pikel
  8603 | D:7      | Killed Pikel
  8604 | D:7      | Reached skill level 11 in Fire Magic
  8835 | D:7      | Found a blossoming altar of Fedhas.
  8906 | D:7      | Reached *** piety under Cheibriados
  9028 | D:7      | Reached XP level 10. HP: 73/73 MP: 6/22
 10155 | D:8      | Noticed Prince Ribbit
 10159 | D:8      | Killed Prince Ribbit
 10203 | D:8      | Identified the +2 robe of Gijoma {rElec rF+++ Str-4}
 10287 | D:8      | Reached **** piety under Cheibriados
 11072 | D:9      | Noticed Maggie
 11077 | D:9      | Killed Maggie
 11078 | D:9      | Reached skill level 5 in Conjurations
 11078 | D:9      | Reached skill level 12 in Fire Magic
 11429 | D:9      | Noticed a two-headed ogre
 11435 | D:9      | Killed a two-headed ogre
 11607 | D:9      | Noticed a two-headed ogre
 11612 | D:9      | Killed a two-headed ogre
 11613 | D:9      | Reached XP level 11. HP: 80/80 MP: 16/24
 11614 | D:9      | Noticed Harold
 11622 | D:9      | Killed Harold
 11623 | D:9      | Reached skill level 10 in Spellcasting
 11864 | D:9      | Found a bloodstained altar of Trog.
 11868 | D:9      | Reached skill level 13 in Fire Magic
 11939 | D:9      | Found a staircase to the Orcish Mines.
 12291 | D:9      | Found a staircase to the Lair.
 12445 | D:10     | Entered Level 10 of the Dungeon
 12689 | D:10     | Noticed a sixfirhy
 12693 | D:10     | Killed a sixfirhy
 12693 | D:10     | Reached ***** piety under Cheibriados
 12696 | D:10     | Gained mutation: You occasionally shout uncontrollably at
                  | your foes. [a neqoxec]
 12872 | D:10     | Learned a level 3 spell: Stone Arrow
 13036 | D:10     | Noticed a two-headed ogre
 13043 | D:10     | Killed a two-headed ogre
 13134 | D:10     | Found an opulent altar of Gozag.
 13852 | D:10     | Reached skill level 1 in Staves
 14086 | D:11     | Noticed a boulder beetle
 14093 | D:11     | Killed a boulder beetle
 14128 | D:11     | Found a gate leading to a gauntlet.
 14137 | Gauntlet | Entered a Gauntlet
 14137 | Gauntlet | Noticed a soul eater
 14137 | Gauntlet | Found a transporter.
 14424 | Gauntlet | Found a transporter.
 14426 | Gauntlet | Found a transporter.
 14431 | Gauntlet | Found a runed translucent door.
 14431 | Gauntlet | Found a runed translucent door.
 14436 | Gauntlet | Found a transporter.
 14439 | Gauntlet | Found a transporter.
 14441 | Gauntlet | Noticed an arcanist
 14444 | Gauntlet | Noticed an occultist
 14448 | Gauntlet | Found a transporter.
 14466 | Gauntlet | Found a transporter.
 14476 | Gauntlet | Found a transporter.
 14477 | Gauntlet | Noticed a death scarab
 14484 | Gauntlet | Noticed a death scarab
 14488 | Gauntlet | Found a transporter.
 14489 | Gauntlet | Noticed a sixfirhy
 14491 | Gauntlet | Noticed a sixfirhy
 14502 | Gauntlet | Found a transporter.
 14517 | Gauntlet | Found a transporter.
 14517 | Gauntlet | Found a transporter.
 14519 | Gauntlet | Noticed a soul eater
 14562 | Gauntlet | Found a transporter.
 14580 | Gauntlet | Found a transporter.
 14674 | Gauntlet | Killed a soul eater
 14675 | Gauntlet | Reached skill level 14 in Fire Magic
 14684 | Gauntlet | Identified the ring of Xoivypt {Wiz rF- rC++ rCorr Dex+2}
 14967 | Gauntlet | Succumbed to a redback's poison

Illustrated notes

Levels and vault maps discovered:
D:1:      saegor_arrival_miasma, layout_basic
D:2:      layout_basic
D:3:      layout_rooms, serial_shops, shop_coins, gammafunk_ghost_grave,
          grunt_ministairs_4, serial_park_tiny_pond, minmay_cupped,
          uniq_crazy_yiuf_cottage, uniq_robin, uniq_jessica
D:4:      layout_basic, gammafunk_temple_overflow_statue, minmay_misc_feat_chi
D:5:      layout_loops_ring, mainiacjoe_sewer_entry_somewhere_in_here_1,
          serial_shops, shop, nicolae_shop_just_a_little_nook,
          grunt_ministairs_10
D:6:      kennysheep_housing_project, layout_basic, minmay_temple_entry_glass
D:7:      layout_basic, fedhas_altar_4, nicolae_shop_gadgets, uniq_pikel
D:8:      layout_gridville, uniq_prince_ribbit1
D:9:      layout_basic, trog_ov_bears_minmay, lair_entry_dummy, orc_0_dummy,
          uniq_harold, uniq_maggie
D:10:     layout_gridville, mainiacjoe_overflow_chevrons,
          nicolae_demonic_statue_gallery
D:11:     layout_basic, gauntlet_entry_generic
Temple:   nicolae_temple_bog_church
Gauntlet: minmay_gauntlet_77_tree [minmay_gauntlet_arena_77_mirror,
          minmay_gauntlet_arena_77_broken_ladder,
          minmay_gauntlet_arena_77_shame_cube,
          minmay_gauntlet_arena_77_double_cross,
          minmay_gauntlet_arena_77_tiled_triplets,
          minmay_gauntlet_arena_77_checkered, minmay_gauntlet_arena_77_mess,
          gauntlet_exit_green]

Skill      XL: |  1  2  3  4  5  6  7  8  9 10 11 |
---------------+----------------------------------+-----
Fire Magic     | 4 5 6 7 9 11 12 14 | 14.1
Spellcasting   | 2 3 4 6 8 9 11 | 11.1
Conjurations   | 1 2 3 4 5 |  5.9
Fighting       | 1 2 |  2.7
Armour         | 1 2 3 |  3.9
Staves         | 1 |  1.4
Dodging        | |  1.3
Stealth        | |  1.4
Earth Magic    | |  0.9

Action                     |  1- 3 |  4- 6 |  7- 9 | 10-12 || total
---------------------------+-------+-------+-------+-------++-------
  Melee: Unarmed           |     8 |       |       |       ||     8
         Short sword       |       |    40 |    10 |       ||    50
         Staff             |       |     6 |       |    21 ||    27
         Dagger            |       |       |    63 |    19 ||    82
  Throw: Dart              |       |     4 |     2 |     2 ||     8
         Throwing net      |       |       |       |     3 ||     3
   Cast: Foxfire           |    41 |    79 |   174 |   120 ||   414
         Scorch            |    11 |    24 |    67 |    44 ||   146
         Volatile Blastmot |       |       |     3 |       ||     3
         Flame Wave        |       |       |     3 |    15 ||    18
         Inner Flame       |       |       |       |    16 ||    16
         Stone Arrow       |       |       |       |     8 ||     8
  Evoke: Wand              |       |       |     7 |    14 ||    21
    Use: Scroll            |     3 |     5 |     4 |     7 ||    19
         Potion            |     3 |       |       |       ||     3
 Armour: Robe              |    20 |    12 |       |    84 ||   116
         Leather armour    |       |    22 |   107 |    15 ||   144
  Dodge: Dodged            |    10 |    41 |    66 |    42 ||   159

Table legend: (Time is in decaauts)
 A = Elapsed time spent in this place.
 B = Non-inter-level travel time spent in this place.
 C = Inter-level travel time spent in this place.
 D = Time resting spent in this place.
 E = Time spent auto-exploring this place.
 F = Levels seen in this place.
 G = Mean time per level.
                   A        B        C        D        E       F      G
               +--------+--------+--------+--------+--------+-----+--------+
         Total |  17626 |  17040 |    586 |   5248 |   9424 |  14 | 1259.0 |
       Dungeon |  16060 |  15505 |    555 |   4493 |   8940 |  11 | 1460.0 |
        Temple |     32 |      2 |     30 |      0 |      0 |   1 |   32.0 |
         Sewer |    424 |    424 |      0 |    296 |     74 |   1 |  424.0 |
      Gauntlet |   1108 |   1108 |      0 |    459 |    409 |   1 | 1108.0 |
               +--------+--------+--------+--------+--------+-----+--------+

Top non-repeatable levels by time:
     D:6: 2505 daAuts
     D:7: 2111 daAuts
    D:10: 2108 daAuts
     D:9: 2042 daAuts
     D:8: 1596 daAuts
     D:4: 1575 daAuts
     D:1: 1330 daAuts
     D:5: 1165 daAuts
Gauntlet: 1108 daAuts
     D:3: 835 daAuts
     D:2: 568 daAuts
   Sewer: 424 daAuts
    D:11: 221 daAuts
  Temple: 32 daAuts
